 Dungeon Crawl Stone Soup version 0.29.1 (webtiles) character file.

Game seed: 3299354082213667416

308 groovy9 the Ruffian (level 6, -1/59 HPs)
             Began as a Troll Fighter on Sept 12, 2022.
             Slain by a gnoll
             ... wielding a +0 halberd
              (13 damage)
             ... on level 2 of the Dungeon.
             The game lasted 00:05:07 (1606 turns).

groovy9 the Ruffian (Troll Fighter)                 Turns: 1606, Time: 00:05:07

Health: -1/59      AC:  4    Str: 25    XL:     6   Next: 16%
Magic:  5/5        EV:  8    Int:  6    God:
Gold:   127        SH:  7    Dex:  9    Spells: 5/5 levels left

rFire   . . .      SeeInvis .     - Unarmed
rCold   . . .      Faith    .   b - +0 kite shield
rNeg    . . .      Spirit   .   a - +0 robe
rPois   .          Reflect  .   (helmet restricted)
rElec   .          Harm     .   (no cloak)
rCorr   .          Rampage  .   (gloves unavailable)
Will    .....                   (boots unavailable)
Stlth   +.........              (no amulet)
HPRegen 0.99/turn               (no ring)
MPRegen 0.09/turn               (no ring)

@: invisible
A: large, unfitting armour, claws 3, regeneration 1, shaggy fur 1, tough skin 1
a: no special abilities


You were on level 2 of the Dungeon.
You visited 1 branch of the dungeon, and saw 2 of its levels.

You collected 127 gold pieces.

Inventory:

Missiles
 n - 5 javelins (quivered)
Armour
 a - a +0 robe (worn)
 b - a +0 kite shield (worn)
Wands
 k - a wand of flame (16)
 l - a wand of light (8)
Scrolls
 f - 2 scrolls of teleportation
 g - 2 scrolls of magic mapping
 i - a scroll of butterflies
 o - a scroll of immolation {unknown}
 p - a scroll of acquirement {unknown}
 q - a scroll of identify
Potions
 e - a potion of flight {unknown}
 h - a potion of haste {unknown}
 j - a potion of berserk rage {unknown}
 m - a potion of curing {unknown}


   Skills:
 - Level 2.4 Fighting
 - Level 2.4 Dodging
 - Level 2.6 Shields
 + Level 6.6 Unarmed Combat


You had 5 spell levels left.
You didn't know any spells.
Your spell library contained the following spells:

 Spells                   Type           Power      Damage    Failure   Level
 Poisonous Vapours        Pois/Air       0%         N/A       88%         2
 Sublimation of Blood     Necr           0%         N/A       88%         2
 Wereblood                Tmut           0%         N/A       88%         2
 Corpse Rot               Necr/Pois/Air  0%         N/A       100%        4
 Summon Hydra             Summ           0%         N/A       100%        7


Dungeon Overview and Level Annotations

Branches:
Dungeon (2/15)

Altars:
The Shining One

Shops:
D:2 (


Innate Abilities, Weirdness & Mutations

You are too large for most types of armour.
You have claws for hands.
Your natural rate of healing is unusually fast.
You are covered in fur. (AC +1)
You have tough skin. (AC +1)


Message History

You are held in a net!
You are held in a net!
You are held in a net!
You are held in a net!
You are held in a net!
You are held in a net!
You are held in a net!
You struggle against the net.
The gnoll hits you from afar with a +0 halberd!
The gnoll hits you but does no damage.
You tear a large gash into the net.
The gnoll hits you from afar with a +0 halberd!
The gnoll hits you but does no damage.
You shred the net and break free!
The gnoll hits you from afar with a +0 halberd!
You block the gnoll's attack. The gnoll hits you with a +0 flail!
* * * LOW HITPOINT WARNING * * *
You block the gnoll's attack. The gnoll hits you with a +0 club.
* * * LOW HITPOINT WARNING * * *
The gnoll attacks as you move away! The gnoll hits you with a +0 club.
* * * LOW HITPOINT WARNING * * *
The gnoll attacks as you move away! The gnoll hits you with a +0 club!
* * * LOW HITPOINT WARNING * * *
You fade into invisibility!
The gnoll barely misses you.
You scratch the gnoll.
The gnoll is moderately wounded.
The gnoll barely misses you.
You claw the gnoll!
You kill the gnoll!
You completely miss the gnoll. You block the gnoll's attack.
You scratch the gnoll.
The gnoll is heavily wounded.
The gnoll hits you with a +0 halberd.
* * * LOW HITPOINT WARNING * * *
You barely miss the gnoll.
The gnoll is heavily wounded.
The gnoll hits you with a +0 halberd!
You die...

#....#.# #.....#.##+####
#....# #(...#.#
#####.#.≈#.#..#########
#....#.#######.####.###......#
#....#..........'..∩..'......#
###'###############.###......#
## #.........# #.##.#≈.......#
#. ###..†....# #.##+#........#
#. #.......# #.#...........#
#. #.......# #@#...........#
#. #.......#
#g#...........####
#.....($####g#............##
#........g...#...........).#
#......g######...........#.##
#............#...........#†..
#######......###....#######..
#......# #....# #.. #......#
#....# #..


You could see 2 gnolls.

Vanquished Creatures
  Sigmund (D:2)
  An orc priest (D:2)
  Robin (D:2)
  A gnoll (D:2)
  3 adders (D:2)
  A worm (D:2)
  5 dart slugs
  4 orcs (D:2)
  3 ball pythons
  5 bats
  4 endoplasms
  2 giant cockroaches (D:1)
  11 goblins
  4 hobgoblins
  2 quokkas
  4 frilled lizards
  4 rats (D:1)
56 creatures vanquished.

Notes
Turn   | Place    | Note
-------+----------+-------------------------------------------
     0 | D:1      | groovy9 the Troll Fighter began the quest for the Orb.
     0 | D:1      | Reached XP level 1. HP: 22/22 MP: 0/0
   120 | D:1      | Reached XP level 2. HP: 26/29 MP: 1/1
   140 | D:1      | Reached skill level 3 in Unarmed Combat
   887 | D:2      | Reached XP level 3. HP: 35/36 MP: 2/2
   926 | D:2      | Noticed Robin
   930 | D:2      | Reached skill level 4 in Unarmed Combat
   981 | D:2      | Killed Robin
   982 | D:2      | Reached XP level 4. HP: 43/44 MP: 3/3
  1165 | D:2      | Reached skill level 5 in Unarmed Combat
  1234 | D:2      | Found a glowing golden altar of the Shining One.
  1279 | D:2      | Identified the +8 sling "Mexanuguese" {freeze, rElec rPois
                  | Dex+2}
  1324 | D:2      | Found Zysossai's Antique Weapon Shoppe.
  1373 | D:2      | Noticed Sigmund
  1381 | D:2      | Killed Sigmund
  1382 | D:2      | Reached skill level 6 in Unarmed Combat
  1382 | D:2      | Reached XP level 5. HP: 50/50 MP: 4/4
  1382 | D:2      | Reached XP level 6. HP: 59/59 MP: 5/5
  1606 | D:2      | Slain by a gnoll

Illustrated notes

Levels and vault maps discovered:
D:1:      minmay_arrival_four_houses, layout_basic,
          chequers_serial_rivers_micro_d, kennysheep_another_room,
          chequers_jeans
D:2:      cheibrodos_pilgrimage, layout_basic, basic_altar, serial_shops,
          nicolae_shop_hallway_plus, uniq_robin, uniq_sigmund

Skill      XL: |  1  2  3  4 |
---------------+-------------+-----
Unarmed Combat | 3 4 6 |  6.6
Fighting       | |  2.4
Dodging        | |  2.4
Shields        | |  2.6

Action                   |  1- 3 |  4- 6 || total
-------------------------+-------+-------++-------
Melee: Unarmed           |    91 |    54 ||   145
  Use: Scroll            |     6 |       ||     6
       Potion            |       |     2 ||     2
Armor: Robe              |    31 |    14 ||    45
Dodge: Dodged            |    35 |    16 ||    51
Block: Kite shield       |    51 |    16 ||    67
